 Dungeon Crawl Stone Soup version 0.18.1-8-gdd0e5ea (webtiles) character file.

277 juanjsm the Changer (level 6, -2/57 HPs)
             Began as an Octopode Transmuter on June 8, 2016.
             Slain by Pikel
             ... wielding a +2 whip of electrocution
              (8 damage)
             ... on level 4 of the Dungeon.
             The game lasted 00:17:52 (3055 turns).

juanjsm the Changer (Octopode Transmuter)           Turns: 3055, Time: 00:17:53

Health: -2/57      AC: 23    Str: 12    XL:     6   Next: 25%
Magic:  5/9        EV:  2    Int: 17    God:
Gold:   235        SH:  0    Dex: 13    Spells: 3 memorised, 3 levels left

rFire  + . .     SeeInvis .       - Unarmed
rCold  . . .     Gourm    .     (no shield)
rNeg   + + +     Faith    .     (helmet currently unavailable)
rPois  +         Spirit   .     (no amulet)
rElec  .         Dismiss  .     r - +3 ring of strength
rCorr  .         Reflect  .     H - ring of protection from fire (curse)
SustAt .         Harm     .     (no ring)
MR     .....     NoTele   +     (no ring)
Stlth  +.........               (no ring)
                                (no ring)
                                (no ring)
                                (no ring)

@: tree-form, not resistant to hostile enchantments, very unstealthy
A: almost no armour, (amphibious), 8 rings, (constrict 8), (camouflage 0),
(gelatinous body 0)
a: no special abilities


You were on level 4 of the Dungeon.
You were not hungry.
You were a tree.
You visited 1 branch of the dungeon, and saw 5 of its levels.

You collected 235 gold pieces.

Inventory:

Hand Weapons
 j - a +0 hunting sling
 z - a +1 hand axe of electrocution
Missiles
 a - 54 arrows
 f - 23 sling bullets
 k - 14 poisoned needles
 l - 4 needles of sleeping
 m - 7 tomahawks (quivered)
 u - 3 needles of confusion
Jewellery
 r - a +3 ring of strength (left branch)
 H - a cursed ring of protection from fire (right branch)
Scrolls
 d - 2 scrolls of blinking {unknown}
 g - 4 scrolls of amnesia {unknown}
 i - 3 scrolls of identify {unknown}
 o - 2 scrolls of random uselessness {unknown}
 x - a scroll of remove curse {unknown}
 y - 3 scrolls of enchant weapon {unknown}
 A - 2 scrolls of teleportation {unknown}
 C - a scroll of enchant armour {unknown}
Potions
 e - a potion of cure mutation {unknown}
 n - 2 potions of curing {unknown}
 q - a potion of magic {unknown}
 s - a potion of mutation {unknown}
 t - 2 potions of lignification
 w - a potion of resistance {unknown}
 B - 2 potions of beneficial mutation {unknown}
 E - a potion of haste {unknown}
 F - a potion of agility {unknown}
Books
 b - a book of Changes

   Spells                             Type                      Level
   a - Beastly Appendage              Transmutation                1
   b - Sticks to Snakes               Transmutation                2
   c - Spider Form                    Transmutation/Poison         3
   d - Ice Form                       Ice/Transmutation            4
   e - Blade Hands                    Transmutation                5
Comestibles
 c - 3 bread rations
 h - 2 slices of pizza
 p - 2 beef jerkies
 v - 4 meat rations
 D - a royal jelly
 G - a chunk of flesh


   Skills:
 - Level 1.0 Fighting
 - Level 2.2 Dodging
 - Level 3.6 Unarmed Combat
 - Level 2.3 Spellcasting
 * Level 5.7 Transmutations


You had 3 spell levels left.
You knew the following spells:

 Your Spells              Type           Power        Failure   Level  Hunger
a - Beastly Appendage     Trmt           ###...       1%          1    #......
b - Sticks to Snakes      Trmt           ###.....     2%          2    ##.....
c - Spider Form           Trmt/Pois      ##........   21%         3    ###....


Dungeon Overview and Level Annotations

Branches:
Dungeon (5/15)
 Temple: D:4-7

Altars:
Ashenzari
Gozag
Pakellas
Trog

Annotations:
D:4 Pikel


Innate Abilities, Weirdness & Mutations

You cannot wear most types of armour.
((You are amphibious.))
You can wear up to eight rings at the same time.
((You can use your tentacles to constrict eight enemies at once.))
((Your skin changes colour to match your surroundings (Stealth).))
((Your rubbery body absorbs attacks (AC +1).))


Message History

Pikel hits you with a whip of electrocution!
* * * LOW HITPOINT WARNING * * *
The slave barely misses you. The slave completely misses your adder.
The slave closely misses you.
Your adder bites the slave but does no damage.
You hit Pikel.
Pikel is severely wounded.
Your ball python bites the slave.
Your ball python constricts the slave.
Pikel hits you with a whip of electrocution.
* * * LOW HITPOINT WARNING * * *
The slave misses you. x2; The slave completely misses you.
Your adder bites the slave.
Your ball python bites the slave but does no damage.
Your ball python constricts the slave.
Drink which item? (? for menu, Esc to quit)
It was a potion of lignification.
Your transformation has ended.
You turn into a tree.
Your roots penetrate the ground.
Pikel hits you but does no damage.
You are electrocuted!
You die...

#.#### #.....####.......
#....# #.......##>......
####.# ####....##.......
#.# #####....##.......
#.#######...'....##.......
#.........###.....#######.
#########.# ##....# #..
#######S####....# #..
.....pp♣S.##.<..######..
......Kpp.##.........#..
..........##.(.......#..
..........##.........#..
..........#####......##.
...!.....)# #......##.
..........# #......##.
...!......# #########.
.......!.# ##


You could see Pikel, 4 slaves, a friendly adder and a friendly ball python.

Vanquished Creatures
  A scorpion (D:5)
  An iguana (D:4)
  Ijyb (D:2)
  Natasha (twice) (D:3)
  2 worker ants (D:4)
  3 adders
  An adder zombie (D:5)
  An adder skeleton (D:4)
  2 dart slugs
  An orc (D:4)
  3 giant cockroaches
  6 goblins
  4 hobgoblins (D:3)
  2 jackals (D:4)
  4 kobolds
  4 quokkas
  2 ball pythons (D:1)
  A ball python zombie (D:5)
  2 bats
  7 giant newts
  A quokka skeleton (D:4)
  11 rats
62 creatures vanquished.

Vanquished Creatures (collateral kills)
  A goblin (D:2)
1 creature vanquished.

Grand Total: 63 creatures vanquished

Notes
Turn   | Place    | Note
--------------------------------------------------------------
     0 | D:1      | juanjsm the Octopode Transmuter began the quest for the Orb.
     0 | D:1      | Reached XP level 1. HP: 13/13 MP: 3/3
   133 | D:1      | Reached XP level 2. HP: 15/18 MP: 3/5
   136 | D:2      | Noticed Ijyb
   142 | D:1      | Learned a level 2 spell: Sticks to Snakes
   155 | D:2      | Killed Ijyb
   155 | D:2      | Reached XP level 3. HP: 10/23 MP: 2/6
   160 | D:2      | Learned a level 3 spell: Spider Form
  1213 | D:2      | Reached skill level 3 in Transmutations
  1213 | D:2      | Reached XP level 4. HP: 7/28 MP: 5/7
  1471 | D:2      | Found a faded altar to an unknown god.
  1495 | D:2      | Found an oddly glowing altar of Pakellas.
  1567 | D:3      | Found a bloodstained altar of Trog.
  1567 | D:3      | Found an opulent altar of Gozag.
  1567 | D:3      | Noticed Natasha
  1927 | D:3      | Killed Natasha
  1933 | D:3      | Found an oddly glowing altar of Pakellas.
  2137 | D:3      | Reached skill level 4 in Transmutations
  2249 | D:3      | Noticed Natasha
  2268 | D:3      | Killed Natasha
  2268 | D:3      | Reached XP level 5. HP: 26/33 MP: 2/8
  2335 | D:5      | Entered Level 5 of the Dungeon
  2536 | D:5      | Reached skill level 5 in Transmutations
  2856 | D:4      | Reached XP level 6. HP: 29/38 MP: 4/9
  2895 | D:4      | Found a shattered altar of Ashenzari.
  3025 | D:4      | Noticed Pikel
  3025 | D:4      | Noticed a slave
  3025 | D:4      | Noticed a slave
  3041 | D:4      | Noticed a slave
  3041 | D:4      | Noticed a slave
  3055 | D:4      | Slain by Pikel

Skill      XL: |  1  2  3  4  5 |
---------------+----------------+-----
Transmutations | 3 4 5 |  5.7
Fighting       | |  1.0
Dodging        | |  2.2
Unarmed Combat | |  3.6
Spellcasting   | |  2.3

Action                   |  1- 3 |  4- 6 || total
-------------------------+-------+-------++-------
Melee: Unarmed           |    55 |   117 ||   172
       Kick              |    15 |    33 ||    48
       Constrict         |    14 |    23 ||    37
       Tentacles         |     7 |    15 ||    22
       Punch             |       |     1 ||     1
Throw: Tomahawk          |       |     4 ||     4
 Cast: Beastly Appendage |    15 |    19 ||    34
       Sticks to Snakes  |     1 |     7 ||     8
       Spider Form       |       |     4 ||     4
  Use: Potion            |       |     1 ||     1
 Stab: Sleeping          |     3 |     4 ||     7
  Eat: Chunk             |     1 |     7 ||     8
Armor: Skin              |     5 |     7 ||    12
Dodge: Dodged            |    19 |   102 ||   121
